 Dungeon Crawl Stone Soup version 0.28-a0-1339-ga5422284a4 (webtiles) character file.

Game seed: 3877854848373664474

165 Yajnam the Skirmisher (level 5, -2/42 HPs)
             Began as a Formicid Abyssal Knight on Dec 28, 2021.
             Was a Priest of Lugonu.
             Killed from afar by a white imp (6 damage)
             ... with a puff of frost
             ... summoned by Eustachio
             ... on level 3 of the Dungeon.
             The game lasted 00:10:53 (3392 turns).

Yajnam the Skirmisher (Formicid Abyssal Knight)     Turns: 3392, Time: 00:10:55

Health: -2/42      AC:  9    Str: 19    XL:     5   Next: 74%
Magic:  6/6        EV:  5    Int: 10    God:    Lugonu [***...]
Gold:   80         SH: 12    Dex: 11    Spells: 4/4 levels left

rFire   . . .      SeeInvis +   i - +0 great sword
rCold   . . .      Faith    .   j - +0 kite shield
rNeg    . . .      Spirit   .   b - +0 chain mail
rPois   .          Reflect  +   (helmet unavailable)
rElec   .          Harm     .   (no cloak)
rCorr   .          Rampage  .   (no gloves)
Will    .....                   (no boots)
Stlth   ..........              h - amulet of reflection
HPRegen 0.14/turn               (no ring)
MPRegen 0.10/turn               (no ring)

@: no status effects
A: permanent stasis, dig shafts and tunnels, antennae 3, four strong arms
a: Dig, Shaft Self, Renounce Religion, Depart the Abyss, Bend Space, Banish


You were on level 3 of the Dungeon.
You worshipped Lugonu.
Lugonu was most pleased with you.
You visited 1 branch of the dungeon, and saw 4 of its levels.
You visited the Abyss 1 time.

You collected 125 gold pieces.
You spent 45 gold pieces at shops.

Inventory:

Hand Weapons
 a - a +1 falchion
 i - a +0 great sword (weapon)
Missiles
 f - 91 stones (quivered)
 k - 26 bolts
 l - 5 boomerangs
 n - 6 poisoned darts
Armour
 b - a +0 chain mail (worn)
 j - a +0 kite shield (worn)
Jewellery
 h - an amulet of reflection (around neck)
 p - a ring of ice
Scrolls
 c - a scroll of acquirement {unknown}
 d - 2 scrolls of fear {unknown}
 e - 2 scrolls of identify {unknown}
 m - a scroll of noise {unknown}
 o - a scroll of holy word {unknown}
Potions
 g - 2 potions of curing {unknown}


   Skills:
 + Level 4.2 Fighting
 + Level 3.8 Long Blades
 + Level 0.5 Throwing
 + Level 3.1 Armour
 + Level 1.3 Dodging
 + Level 0.7 Stealth
 + Level 1.1 Shields
 + Level 2.2 Invocations


You had 4 spell levels left.
You didn't know any spells.
Your spell library was empty.

Dungeon Overview and Level Annotations

Branches:
Dungeon (4/15)
 Temple: D:4-7

Altars:
Ru

Shops:
D:2 :([[[

Annotations:
D:3 3 runed translucent doors, ALWAYSlose's ghost, amateur MiBe; Eustachio; SkeletonJelly's ghost, amateur DrMo; browni3141's ghost, amateur FoGl; rougesareth's ghost, amateur MfMo


Innate Abilities, Weirdness & Mutations

You cannot be hasted, slowed, berserked, paralysed or teleported.
You can dig through walls and to a lower floor.
You have a pair of large antennae on your head. (SInv)
Your four strong arms can wield two-handed weapons with a shield.


Message History

The quasit disappears in a puff of smoke!
The rat disappears in a puff of smoke!
The shadow imp disappears in a puff of smoke! x2
The quokka disappears in a puff of smoke!
The bat disappears in a puff of smoke!
Level annotation: 3 runed translucent doors, ALWAYSlose's ghost, amateur MiBe; SkeletonJelly's ghost, amateur DrMo; browni3141's ghost, amateur FoGl; rougesareth's ghost, amateur MfMo
There is a stone staircase leading down here.
Your shield and chain mail prevent you from hitting Eustachio.
You block the adder's attack.
Eustachio hits you with a +2 rapier of speed.
You block the adder's attack.
Eustachio hits you with a +2 rapier of speed!
Eustachio hits you with a +2 rapier of speed.
The adder barely misses you.
You slice the adder!!
You kill the adder!
Lugonu accepts your kill.
Eustachio seems less brilliant.
You block Eustachio's attack. Eustachio completely misses you.
You closely miss Eustachio.
Eustachio casts a spell.
Eustachio barely misses you. Eustachio hits you but does no damage.
You closely miss Eustachio. You block Eustachio's attack.
The white imp completely misses you. Eustachio barely misses you.
You miss Eustachio. You block Eustachio's attack.
You block the white imp's attack.
Eustachio hits you with a +2 rapier of speed.
The white imp gestures at you. The puff of frost hits you.
* * * LOW HITPOINT WARNING * * *
Eustachio hits you with a +2 rapier of speed!
* * * LOW HITPOINT WARNING * * *
You barely miss Eustachio.
Eustachio mumbles some strange words.
Eustachio blinks!
You block the white imp's attack.
Eustachio mumbles some strange words.
Eustachio blinks!
The white imp gestures at you. The puff of frost hits you.
You die...

#.......######.######........
#.......#....#)............##
##.....#####.#.######.####.##
##########ยง...# #.# #.##
#######.........#..# ##.##
#.## ...........####....#
#...# #.## #######.####
##.#.# #..## #.## ## #.#
#5#.# #.## #.## .# #.# #@#.#
#.# ##.## .# #.# #5#.# #.#
#.... .######.#
#.#.#####.####..##
........####
#.#.............#
...........#
#.#######.####.##
.#########.# #.# #.# #.# .#
#.# #.# #.# #.# .# #.# #.#
#.# #.# .#########.# #.# #.#
#.#


You could see 2 white imps.

Vanquished Creatures
  Terence (D:2)
  A gnoll (D:1)
  4 adders
  An ufetubus (Abyss:1)
  2 worms (D:2)
  A dart slug (D:2)
  9 orcs (D:3)
  7 endoplasms
  6 giant cockroaches
  A hobgoblin (D:1)
  6 jackals
  2 kobolds (D:2)
  3 quokkas
  7 ball pythons
  7 bats
  5 frilled lizards
  4 goblins
  5 rats
72 creatures vanquished.

Vanquished Creatures (others)
  A plant (D:3)
  2 withered plants (D:3)
3 creatures vanquished.

Grand Total: 75 creatures vanquished

Notes
Turn   | Place    | Note
-------+----------+-------------------------------------------
     0 | Abyss:1  | Yajnam the Formicid Abyssal Knight began the quest for the
                  | Orb.
     0 | Abyss:1  | Reached XP level 1. HP: 18/18 MP: 2/2
   100 | Abyss:1  | Noticed an iron imp
   110 | Abyss:1  | Noticed a glowing orange brain
   112 | Abyss:1  | Noticed a large abomination
   115 | Abyss:1  | Noticed a quasit
   154 | D:1      | Escaped the Abyss
   184 | D:1      | Reached XP level 2. HP: 25/25 MP: 3/3
   299 | D:1      | Reached skill level 1 in Dodging
   608 | D:1      | Found a faded altar of an unknown god.
   616 | D:1      | Reached XP level 3. HP: 26/30 MP: 4/4
   618 | D:1      | Reached ** piety under Lugonu
   665 | D:1      | Reached skill level 4 in Fighting
  1472 | D:2      | Found Jocziy's Armour Boutique.
  1475 | D:2      | Reached XP level 4. HP: 37/37 MP: 5/5
  1612 | D:2      | Found Nefabli's Armour Shoppe.
  1621 | D:2      | Bought a +0 kite shield for 45 gold pieces
  1858 | D:2      | Noticed Terence
  1867 | D:2      | Killed Terence
  2057 | D:2      | Found Taptes's Antique Armour Emporium.
  2169 | D:2      | Reached XP level 5. HP: 32/42 MP: 6/6
  2519 | D:2      | Found Vitut's Weapon Boutique.
  2600 | D:2      | Found Guwus's Book Boutique.
  2811 | D:3      | Found a runed translucent gate.
  2811 | D:3      | Found a runed translucent gate.
  2814 | D:3      | Found a runed translucent gate.
  2822 | D:3      | Noticed browni3141's ghost (amateur FoGl)
  2822 | D:3      | Noticed ALWAYSlose's ghost (amateur MiBe)
  2823 | D:3      | Noticed rougesareth's ghost (amateur MfMo)
  2823 | D:3      | Noticed SkeletonJelly's ghost (amateur DrMo)
  2940 | D:3      | Found a sacrificial altar of Ru.
  3220 | D:3      | Reached skill level 1 in Shields
  3221 | D:3      | Reached *** piety under Lugonu
  3261 | D:3      | Found a sacrificial altar of Ru.
  3375 | D:4      | Noticed Eustachio
  3392 | D:3      | Killed from afar by a white imp

Illustrated notes

Levels and vault maps discovered:
D:1:      nzn_arrival_crosshair, layout_basic,
          dreamdust_ecumenical_altar_angels_and_demons
D:2:      layout_basic, serial_shops, nicolae_lakefront_shop,
          nicolae_square_shop, shop, nicolae_shop_bloodbath_and_beyond,
          nicolae_shop_stone, uniq_terence
D:3:      layout_loops_ring, nicolae_ru_the_path_less_chosen,
          gammafunk_ghost_cemetery, kennysheep_flooded_box
D:4:      layout_layer_cave, mainiacjoe_overflow_six_doors_small,
          uniq_eustachio, uniq_duvessa, uniq_natasha

Skill      XL: |  1  2  3  4  5 |
---------------+----------------+-----
Dodging        | 1 |  1.3
Fighting       | 4 |  4.2
Long Blades    | 3 |  3.8
Armour         | 3 |  3.1
Shields        | 1 |  1.1
Throwing       | |  0.5
Stealth        | |  0.7
Invocations    | |  2.2

Action                   |  1- 3 |  4- 6 || total
-------------------------+-------+-------++-------
Melee: Falchion          |    86 |    13 ||    99
       Great sword       |       |   160 ||   160
Throw: Stone             |    13 |     3 ||    16
 Abil: Dig               |     3 |       ||     3
 Stab: Sleeping          |     1 |       ||     1
Armor: Leather armour    |    40 |     3 ||    43
       Chain mail        |       |   104 ||   104
Dodge: Dodged            |    83 |    45 ||   128
Block: Other             |     2 |     2 ||     4
       Kite shield       |       |   167 ||   167
       Reflection        |       |     2 ||     2

Table legend: (Time is in decaauts)
 A = Elapsed time spent in this place.
 B = Non-inter-level travel time spent in this place.
 C = Inter-level travel time spent in this place.
 D = Time resting spent in this place.
 E = Time spent auto-exploring this place.
 F = Levels seen in this place.
 G = Mean time per level.
                   A        B        C        D        E       F      G
               +--------+--------+--------+--------+--------+-----+--------+
         Total |   3542 |   3499 |     43 |    374 |   1958 |   5 |  708.4 |
       Dungeon |   3387 |   3344 |     43 |    374 |   1874 |   4 |  846.8 |
         Abyss |    155 |    155 |      0 |      0 |     84 |   1 |  155.0 |
               +--------+--------+--------+--------+--------+-----+--------+

Top non-repeatable levels by time:
     D:2: 1324 daAuts
     D:1: 1280 daAuts
     D:3: 769 daAuts
 Abyss:1: 155 daAuts
     D:4: 12 daAuts
